 Dungeon Crawl Stone Soup version 0.20-a0-876-g2c7b0bf (webtiles) character file.

5051 KristoblXynda the Ruffian (level 10, -30/88 HPs)
             Began as a Troll Monk on Feb 23, 2017.
             Was a High Priest of Cheibriados.
             Annihilated by a two-headed ogre
             ... wielding a +0 giant club
              (35 damage)
             ... on level 9 of the Dungeon on Mar 15, 2017.
             The game lasted 00:14:36 (6519 turns).

KristoblXynda the Ruffian (Troll Monk)              Turns: 6519, Time: 00:14:37

Health: -30/88     AC:  7    Str: 33    XL:     10   Next: 31%
Magic:  13/13      EV: 14    Int: 21    God:    Cheibriados [*****.]
Gold:   560        SH: 17    Dex: 24    Spells: 9/9 levels left

rFire    . . .     SeeInvis .     - Unarmed
rCold    . . .     Gourm    +   y - +1 robe
rNeg     . . .     Faith    .   o - +0 shield
rPois    +         Spirit   .   (helmet restricted)
rElec    .         Reflect  +   B - +0 cloak
rCorr    .         Harm     .   (gloves unavailable)
MR       +....     Clarity  +   (boots unavailable)
Stlth    ++........             t - +5 amulet of reflection
Regen    0.7/turn               w - ring of wizardry
MPRegen  0.2/turn               z - ring of protection from magic

@: very slow
A: unfitting armour, claws 3, clarity, deterioration 1, fast metabolism 3,
gourmand, poison resistance, regeneration 1, shaggy fur 1, tough skin 2, wild
magic 1
a: Bend Time, Temporal Distortion, Slouch, Step From Time, Renounce Religion


You were on level 9 of the Dungeon.
You worshipped Cheibriados.
Cheibriados was extremely pleased with you.
You were not hungry.

You visited 2 branches of the dungeon, and saw 10 of its levels.

You collected 560 gold pieces.

Inventory:

Hand Weapons
 r - the +5 flail of Yppelol {flame, Str+4}
   (You found it on level 6 of the Dungeon)

   It has been specially enchanted to burn those struck by it, causing extra
   injury to most foes and up to half again as much damage against particularly
   susceptible opponents.
   It affects your strength (+4).
Missiles
 l - 7 javelins (quivered)
Armour
 o - a +0 shield (worn)
 y - a +1 robe (worn)
 B - a +0 cloak (worn)
Jewellery
 t - a +5 amulet of reflection (around neck)
 u - an uncursed ring of flight
 w - a ring of wizardry (right claw)
 z - a ring of protection from magic (left claw)
Wands
 m - a wand of confusion (13/48)
Scrolls
 a - a scroll of identify
 e - a scroll of remove curse
 g - 2 scrolls of blinking
 k - a scroll of enchant weapon
 n - a scroll of fear
 q - 2 scrolls of amnesia
 A - a scroll of immolation
Potions
 c - 2 potions of ambrosia
 f - a potion of lignification
 h - 6 potions of curing
 i - 2 potions of cancellation
 x - 2 potions of flight
Comestibles
 b - 10 bread rations
 d - 3 meat rations
 j - a fruit
 p - 5 royal jellies


   Skills:
 - Level 2.4 Fighting
 + Level 5.5 Maces & Flails
 - Level 6.0 Dodging
 - Level 1.0 Stealth
 + Level 6.5 Shields
 + Level 7.9 Unarmed Combat
 - Level 5.3 Invocations


You had 9 spell levels left.
You didn't know any spells.

Dungeon Overview and Level Annotations

Branches:
Dungeon (9/15)             Temple (1/1) D:4            Lair (0/6) D:8
    Orc: D:9-12

Altars:
Ashenzari
Cheibriados
Dithmenos
Elyvilon
Fedhas
Gozag
Hepliaklqana
Kikubaaqudgha
Makhleb
Nemelex Xobeh
Okawaru
Qazlal
Ru
Sif Muna
Trog
Uskayaw
Vehumet
Wu Jian
Xom
Yredelemnul
Zin
The Shining One

Shops:
D:8 %


Innate Abilities, Weirdness & Mutations

You are too large for most types of armour.
You have claws for hands.
Your metabolism is lightning-fast.
You like to eat raw meat.
Your natural rate of healing is unusually fast.
You are covered in fur. (AC +1)
You have very tough skin. (AC +2)
You possess an exceptional clarity of mind.
Your body sometimes deteriorates upon taking damage.
Your system is resistant to poisons. (rPois)
Your spells are a little harder to cast, but a little more powerful.


Message History

You block the two-headed ogre's attack.
You scratch the two-headed ogre.
The two-headed ogre is almost dead.
You scratch the two-headed ogre.
The two-headed ogre is almost dead.
The two-headed ogre hits you with a giant club! x2
* * * LOW HITPOINT WARNING * * *
Unknown command.
You mangle the two-headed ogre!!
You kill the two-headed ogre!
Cheibriados thoroughly appreciates the change of pace.
You feel your strength returning.
Unknown command.
You block the two-headed ogre's attack. The two-headed ogre closely misses you.
The two-headed ogre hits you with a giant club!
* * * LOW HITPOINT WARNING * * *
The two-headed ogre hits you with a giant club.
* * * LOW HITPOINT WARNING * * *
The two-headed ogre hits you with a giant club!!
You die...

........ ........ ........
....... ........ ...... #########
........ .... #.......#
........#####'#########.......#
.............)................# .
........................).....#..
'#######.....!................'..
.......#.......O@.............#..
.......'....:............(....# .
.......#......................###
...†...################..[.......
....)..##....>........#..........
...)).................#..........
......................#..........
.......##......###....#..........
##.....##......###....###.(...).#


You could see a two-headed ogre.

Vanquished Creatures
  A two-headed ogre (D:9)
  Prince Ribbit (D:9)
  A wyvern (D:8)
  Menkaure (D:5)
  2 water moccasins (D:7)
  3 sky beasts
  3 ice beasts (D:6)
  A swamp drake (D:8)
  An orc warrior (D:8)
  2 black bears
  2 necrophages
  A phantom (D:4)
  5 centaurs
  2 ogres
  3 crocodiles (D:8)
  A big kobold (D:8)
  5 bullfrogs
  A water moccasin zombie (D:7)
  4 scorpions
  6 killer bees
  2 howler monkeys
  A quasit (D:7)
  2 centaur zombies (D:9)
  A jelly (D:9)
  3 bullfrog skeletons
  A centaur skeleton (D:7)
  2 hounds
  7 orc priests
  4 orc wizards
  3 worker ants
  A worker ant zombie (D:6)
  8 adders
  A shadow imp (D:9)
  An ooze (D:6)
  3 adder skeletons
  3 leopard geckos
  33 orcs
  5 giant cockroaches
  5 goblins
  3 hobgoblins
  4 jackals (D:6)
  6 quokkas
  4 ball pythons
  A ball python skeleton (D:5)
  6 bats
  2 frilled lizards
  A jackal zombie (D:7)
  5 kobolds
  A leopard gecko skeleton (D:7)
  A quokka skeleton (D:7)
  8 rats
174 creatures vanquished.

Notes
Turn   | Place    | Note
-------+----------+-------------------------------------------
     0 | D:1      | KristoblXynda the Troll Monk began the quest for the Orb.
     0 | D:1      | Reached XP level 1. HP: 22/22 MP: 0/0
    25 | D:1      | Upgraded the game from 0.20-a0-738-gb057e68 to 0.20-a0-754-g13ddd6e
    25 | D:1      | Upgraded the game from 0.20-a0-754-g13ddd6e to 0.20-a0-876-g2c7b0bf
   206 | D:1      | Reached XP level 2. HP: 29/29 MP: 1/1
  1357 | D:2      | Reached XP level 3. HP: 36/36 MP: 2/2
  1694 | D:3      | Noticed a killer bee
  1694 | D:3      | Noticed a killer bee
  1695 | D:3      | Noticed a killer bee
  1711 | D:3      | Killed a killer bee
  1711 | D:3      | Reached skill level 4 in Unarmed Combat
  1711 | D:3      | Reached XP level 4. HP: 36/44 MP: 3/3
  1770 | D:3      | Reached XP level 5. HP: 46/50 MP: 4/4
  2291 | D:4      | Reached skill level 5 in Unarmed Combat
  2335 | D:4      | Noticed a phantom
  2357 | D:4      | Killed a phantom
  2357 | D:4      | Reached XP level 6. HP: 44/59 MP: 5/5
  2404 | D:4      | Found a staircase to the Ecumenical Temple.
  2440 | Temple   | Entered the Ecumenical Temple
  2579 | Temple   | Became a worshipper of Cheibriados the Contemplative
  2579 | Temple   | Reached * piety under Cheibriados
  2579 | Temple   | Reached ** piety under Cheibriados
  2733 | D:4      | Reached skill level 1 in Shields
  2744 | D:4      | Reached XP level 7. HP: 63/66 MP: 6/6
  2986 | D:5      | Entered Level 5 of the Dungeon
  3080 | D:5      | Noticed Menkaure
  3089 | D:5      | Killed Menkaure
  3089 | D:5      | Reached skill level 5 in Dodging
  3089 | D:5      | Reached skill level 6 in Unarmed Combat
  3460 | D:5      | Gained mutation: You occasionally shout uncontrollably at your foes. [mutagenic meat]
  3461 | D:5      | Gained mutation: Your body sometimes deteriorates upon taking damage. [mutagenic meat]
  3462 | D:5      | Lost mutation: You occasionally shout uncontrollably at your foes. [mutagenic meat]
  3463 | D:5      | Gained mutation: Your system is resistant to poisons. (rPois) [mutagenic meat]
  3464 | D:5      | Gained mutation: Your spells are a little harder to cast, but a little more powerful. [mutagenic meat]
  3465 | D:5      | Gained mutation: You possess an exceptional clarity of mind. [mutagenic meat]
  3679 | D:5      | Reached XP level 8. HP: 42/74 MP: 7/7
  4140 | D:6      | Reached *** piety under Cheibriados
  4180 | D:6      | Reached skill level 7 in Unarmed Combat
  4239 | D:6      | Reached skill level 1 in Invocations
  4308 | D:6      | Got a fine flail
  4309 | D:6      | Identified the +5 flail of Yppelol {flame, Str+4} (You found it on level 6 of the Dungeon)
  4429 | D:6      | Found a glowing golden altar of the Shining One.
  4525 | D:6      | Reached skill level 1 in Maces & Flails
  4611 | D:7      | Reached XP level 9. HP: 66/80 MP: 10/10
  4682 | D:7      | Reached **** piety under Cheibriados
  5072 | D:7      | Reached skill level 5 in Shields
  5138 | D:7      | Found a blossoming altar of Fedhas.
  5332 | D:8      | Found Norghypsy's Food Shop.
  5433 | D:8      | Found a staircase to the Lair.
  5650 | D:8      | Noticed an angel
  5650 | D:8      | Found a glowing silver altar of Zin.
  5650 | D:8      | Found a shimmering altar of Xom.
  5757 | D:8      | Reached ***** piety under Cheibriados
  5848 | D:8      | Reached skill level 5 in Invocations
  5859 | D:8      | Found a radiant altar of Vehumet.
  5860 | D:8      | Found a stormy altar of Qazlal.
  5861 | D:8      | Found a hide-covered altar of Uskayaw.
  5885 | D:8      | Found an ornate altar of the Wu Jian Council.
  5886 | D:8      | Found a sparkling altar of Nemelex Xobeh.
  6166 | D:8      | Reached XP level 10. HP: 88/88 MP: 12/12
  6369 | D:9      | Noticed Prince Ribbit
  6380 | D:9      | Killed Prince Ribbit
  6380 | D:9      | Reached skill level 5 in Maces & Flails
  6500 | D:9      | Noticed a two-headed ogre
  6510 | D:9      | Noticed a two-headed ogre
  6516 | D:9      | Killed a two-headed ogre
  6518 | D:9      | HP: 4/88 [two-headed ogre/giant club (3)]
  6519 | D:9      | Annihilated by a two-headed ogre

Vault maps used:
D:1:      lightli_arrival_maybe_door_vault
D:2:      serial_forest, infiniplex_forest_lined_2,
          infiniplex_forest_lined_room_2, infiniplex_forest_clump_diagonal,
          infiniplex_forest_clump_long, infiniplex_forest_straight_2,
          infiniplex_forest_end_2, infiniplex_forest_end_2
D:4:      minmay_temple_entry_glass, first_bread, minmay_liquid_box,
          kennysheep_generic_room_14
D:5:      uniq_menkaure
D:6:      hex_tiny, nicolae_tso_swordbearing_angel
D:7:      kennysheep_mini_moat
D:8:      minmay_goldmine, grunt_temple_overflow_order_and_chaos_1, minitemple,
          erik_lair_dragon, serial_shops, nicolae_shop_crystal
D:9:      serial_shops, nicolae_shop_behind_doors, uniq_prince_ribbit1
Temple:   oiseaux_autumnal_temple

Skill      XL: |  1  2  3  4  5  6  7  8  9 10 |
---------------+-------------------------------+-----
Dodging        | 3 4 5 6 |  6.0
Unarmed Combat | 4 5 6 7 |  7.9
Shields        | 1 2 4 6 |  6.5
Invocations    | 2 5 |  5.3
Maces & Flails | 1 4 5 |  5.5
Fighting       | |  2.4
Stealth        | |  1.0

Action                   |  1- 3 |  4- 6 |  7- 9 | 10-12 || total
-------------------------+-------+-------+-------+-------++-------
Melee: Unarmed           |    78 |    91 |   298 |    62 ||   529
Evoke: Wand              |       |     2 |       |       ||     2
  Use: Scroll            |     3 |     5 |    10 |       ||    18
       Potion            |     2 |       |     3 |       ||     5
 Stab: Sleeping          |     2 |       |     9 |       ||    11
       Distracted        |       |       |     1 |       ||     1
  Eat: Chunk             |    11 |    13 |    25 |       ||    49
       Meat ration       |     1 |       |       |       ||     1
Armor: Robe              |    30 |    22 |    62 |     5 ||   119
Dodge: Dodged            |    53 |    48 |   145 |    14 ||   260
Block: Shield            |       |     6 |   193 |    42 ||   241
       Reflection        |       |       |     2 |       ||     2
